 Dungeon Crawl Stone Soup version 0.21.1-1-g345015f (webtiles) character file.

791 vatarom the Schismatic (level 7, 0/53 HPs)
             Began as a Demonspawn Abyssal Knight on May 4, 2018.
             Was an Elder of Lugonu.
             Succumbed to a worker ant's poison
             ... on level 5 of the Dungeon.
             The game lasted 00:08:00 (4914 turns).

vatarom the Schismatic (Demonspawn Abyssal Knight)  Turns: 4914, Time: 00:08:01

Health: 0/53       AC:  3    Str: 12    XL:     7   Next: 57%
Magic:  12/12      EV: 12    Int: 18    God:    Lugonu [****..]
Gold:   286        SH:  0    Dex: 19    Spells: 6/6 levels left

rFire    . . .     SeeInvis .   a - +3 falchion
rCold    + . .     Gourm    .   (no shield)
rNeg     . . .     Faith    .   b - +0 leather armour
rPois    .         Spirit   .   (no helmet)
rElec    .         Reflect  .   w - scarf {cloud immunity}
rCorr    .         Harm     .   (no gloves)
MR       .....                  (no boots)
Stlth    +++.......             i - amulet of rage
HPRegen  0.17/turn              v - ring of protection from cold
MPRegen  0.13/turn              (no ring)

@: brilliant, lethally poisoned (0 -> -7), hasted, very quick
A: thin skeletal structure 2, spiny 1, rot immunity
a: Depart the Abyss, Bend Space, Banish, Corrupt, Renounce Religion, Evoke
Berserk Rage


You were on level 5 of the Dungeon.
You worshipped Lugonu.
Lugonu was greatly pleased with you.
You were full.

You visited 1 branch of the dungeon, and saw 6 of its levels.
You visited the Abyss 1 time.

You collected 286 gold pieces.

Inventory:

Hand Weapons
 a - a +3 falchion (weapon)
Armour
 b - a +0 leather armour (worn)
 w - a scarf of cloud immunity (worn)
Jewellery
 i - an amulet of rage (around neck)
 v - a ring of protection from cold (left hand)
Scrolls
 d - a scroll of amnesia {unknown}
 e - a scroll of remove curse
 f - a scroll of fear {unknown}
 g - a scroll of fog {unknown}
 h - 4 scrolls of teleportation
 j - 3 scrolls of magic mapping
 k - 3 scrolls of identify {unknown}
 p - 2 scrolls of enchant weapon
 r - a scroll of enchant armour {unknown}
Potions
 l - a potion of agility {unknown}
 n - a potion of cancellation {unknown}
 o - 2 potions of flight {unknown}
 q - 2 potions of brilliance
 u - a potion of heal wounds {unknown}
Books
 t - a book of Minor Magic

   Spells                             Type                      Level
   a - Magic Dart                     Conjuration                  1
   b - Blink                          Translocation                2
   c - Call Imp                       Summoning                    2
   d - Slow                           Hexes                        2
   e - Conjure Flame                  Conjuration/Fire             3
   f - Mephitic Cloud                 Conjuration/Poison/Air       3
Comestibles
 c - 6 rations


   Skills:
 - Level 3.7 Fighting
 * Level 5.6 Long Blades
 - Level 2.1 Armour
 - Level 1.3 Dodging
 - Level 0.3 Stealth
 + Level 7.3 Invocations


You had 6 spell levels left.
You didn't know any spells.

Dungeon Overview and Level Annotations

Branches:
Dungeon (6/15)
 Temple: D:4-7

Altars:
Gozag


Innate Abilities, Weirdness & Mutations

You have a moderately thin skeletal structure. (Dex +4, Stealth+)
You are partially covered in sharp spines.
You are immune to rotting.


Message History

You slash the quokka skeleton!
You destroy the quokka skeleton!
Lugonu accepts your kill.
You feel sick. The shadow imp gestures at you. Pain shoots through your body!
* * * LOW HITPOINT WARNING * * *
* * * LOW HITPOINT WARNING * * *
You feel sick.
You climb upwards.
* * * LOW HITPOINT WARNING * * *
You feel sick.
There is a stone staircase leading down here.
Unknown command.
It was a potion of brilliance.
You feel clever all of a sudden.
* * * LOW HITPOINT WARNING * * *
You feel sick.
It was a potion of haste.
You feel yourself speed up.
You die...

....................########
...#####.##.######.........#
#..#.# #.........# ##.#.#
#.........# #.#)#
#.........#
######...######.........#
+..............#.........
#######..#####.##########
##@# #.# #.# #.# #.# #.# #.#
#.# #.# #.# #.#####.#
#.......# #########


There were no monsters in sight!

Vanquished Creatures
  2 ogres (D:5)
  A big kobold (D:3)
  A water moccasin skeleton (D:4)
  A crimson imp (D:3)
  A bullfrog skeleton (D:5)
  An orc priest (D:4)
  3 worker ants
  A hound zombie (D:5)
  A hound skeleton (D:5)
  A worker ant zombie (D:5)
  8 gnolls
  9 adders
  A shadow imp (D:5)
  An ooze (D:2)
  An adder zombie (D:5)
  An adder skeleton (D:4)
  2 worms (D:5)
  3 dart slugs
  8 leopard geckos
  6 orcs
  A ball python (D:2)
  4 giant cockroaches
  4 goblins
  9 hobgoblins
  6 jackals
  2 quokkas
  A ball python skeleton (D:5)
  7 bats
  3 frilled lizards
  A jackal zombie (D:5)
  5 kobolds
  A leopard gecko zombie (D:5)
  A quokka skeleton (D:6)
  9 rats
107 creatures vanquished.

Vanquished Creatures (others)
  An orc priest (D:4)
  An iguana (D:4)
2 creatures vanquished.

Grand Total: 109 creatures vanquished

Notes
Turn   | Place    | Note
-------+----------+-------------------------------------------
     0 | Abyss:1  | vatarom the Demonspawn Abyssal Knight began the quest for the Orb.
     0 | Abyss:1  | Reached XP level 1. HP: 18/18 MP: 2/2
    12 | D:1      | Escaped the Abyss
   264 | D:1      | Gained mutation: You have a somewhat thin skeletal structure. (Dex +2, Stealth) [demonic ancestry]
   264 | D:1      | Reached XP level 2. HP: 6/24 MP: 4/4
   858 | D:2      | Reached skill level 1 in Dodging
   858 | D:2      | Reached skill level 3 in Invocations
   858 | D:2      | Gained mutation: You are immune to rotting. [demonic ancestry]
   858 | D:2      | Reached XP level 3. HP: 23/29 MP: 5/5
  1483 | D:2      | Reached ** piety under Lugonu
  1491 | D:2      | Gained mutation: You have a moderately thin skeletal structure. (Dex +4, Stealth+) [demonic ancestry]
  1491 | D:2      | Reached XP level 4. HP: 33/37 MP: 6/6
  1574 | D:2      | Found an opulent altar of Gozag.
  1911 | D:3      | Noticed a big kobold
  1924 | D:3      | Killed a big kobold
  1924 | D:3      | Reached XP level 5. HP: 42/42 MP: 7/7
  1978 | D:3      | Reached skill level 4 in Invocations
  2528 | D:3      | Reached *** piety under Lugonu
  2818 | D:3      | Reached XP level 6. HP: 48/48 MP: 9/9
  2826 | D:3      | Reached skill level 5 in Invocations
  3805 | D:4      | Reached skill level 6 in Invocations
  4037 | D:5      | Entered Level 5 of the Dungeon
  4351 | D:5      | Gained mutation: You are partially covered in sharp spines. [demonic ancestry]
  4351 | D:5      | Reached XP level 7. HP: 48/53 MP: 11/11
  4384 | D:5      | Reached skill level 5 in Long Blades
  4629 | D:5      | Reached skill level 7 in Invocations
  4906 | D:6      | Reached **** piety under Lugonu
  4912 | D:5      | HP: 2/53 [poisoned by a worker ant]
  4914 | D:5      | Succumbed to a worker ant's poison

Skill      XL: |  1  2  3  4  5  6  7 |
---------------+----------------------+-----
Long Blades    | 2 3 4 5 |  5.6
Dodging        | 1 |  1.3
Invocations    | 3 4 6 7 |  7.3
Armour         | 2 |  2.1
Fighting       | |  3.7
Stealth        | |  0.3

Action                   |  1- 3 |  4- 6 |  7- 9 || total
-------------------------+-------+-------+-------++-------
Melee: Falchion          |    94 |   213 |    40 ||   347
Invok: Banish            |       |     2 |       ||     2
       Bend Space        |       |       |     1 ||     1
 Abil: Evoke Berserk Rag |       |     1 |     2 ||     3
  Use: Potion            |     3 |     5 |     2 ||    10
       Scroll            |     2 |     3 |       ||     5
 Stab: Sleeping          |     2 |     7 |     2 ||    11
  Eat: Chunk             |     2 |     4 |     2 ||     8
       Ration            |       |     2 |     2 ||     4
Armor: Leather armour    |    18 |    42 |     6 ||    66
       Skin              |       |    15 |       ||    15
Dodge: Dodged            |    70 |   136 |    25 ||   231
       Rpst.: Falchion   |    27 |    41 |     7 ||    75
